Map: Oxide LE

Players

애플은사과

  • Race: Terran Terran
  • League: Master

Gemini - Winner!

  • Race: Protoss Protoss
  • League: Master

VOD

Have the link to the VOD?

Description

Time

  • Played on: July 20, 2021, 11:03 a.m.
  • Length: 10:40
Show
View Real Time Build Order
Export as new Build Order

애플은사과 Terran 

Build Orders: Reaper Expand 

Get SALT Encoding   

  12  0:00  SCV  
  13  0:12  SCV  
  14  0:17  Supply Depot  
  14  0:24  SCV  
  15  0:39  SCV  
  15  0:40  Barracks  
  16  0:44  Refinery  
  16  0:51  SCV  
  17  1:03  SCV  
  18  1:15  SCV  
  19  1:27  Orbital Command  
  19  1:28  Reaper  
  20  1:44  Command Center  
  20  1:54  SCV, Supply Depot  
  21  2:00  Marine  
  22  2:06  SCV  
  23  2:10  Factory  
  23  2:18  SCV  
  23  2:19  Bunker  
  24  2:25  Barracks Reactor  
  24  2:30  SCV  
  24  2:31  Refinery  
  25  2:42  SCV  
  26  2:54  SCV  
  26  2:57  Orbital Command  
  26  2:58  Starport  
  27  3:04  Factory Tech Lab  
  27  3:05  Marine x2  
  27  3:06  SCV  
  29  3:19  SCV  
  30  3:23  Marine x2  
  30  3:24  SCV  
  33  3:27  Siege Tank  
  33  3:31  SCV  
  33  3:34  Refinery  
  37  3:35  Starport Tech Lab  
  37  3:36  SCV  
  38  3:43  SCV, Supply Depot  
  38  3:44  Marine x2  
  38  3:48  SCV  
  42  3:54  Barracks  
  42  3:55  SCV  
  42  4:02  Supply Depot  
  43  4:04  Raven  
  43  4:05  SCV  
  43  4:07  SCV  
  43  4:08  Supply Depot  
  47  4:10  Marine x2  
  49  4:17  SCV  
  49  4:20  SCV  
  51  4:28  Marine x2  
  51  4:29  SCV  
  54  4:31  Factory Tech Lab  
  54  4:33  SCV  
  54  4:37  Barracks  
  55  4:38  Supply Depot  
  55  4:40  Engineering Bay  
  55  4:43  SCV  
  55  4:45  SCV  
  57  4:52  Stimpack  
  57  4:54  Marine  
  57  4:55  SCV, Starport Reactor  
  57  4:59  Barracks  
  59  5:01  SCV  
  59  5:06  Factory Reactor  
  60  5:07  SCV, Marine x2  
  60  5:09  Barracks  
  60  5:13  SCV  
  64  5:19  SCV  
  60  5:25  SCV  
  61  5:32  SCV, Terran Infantry Weapons Level 1  
  62  5:36  Viking x2  
  62  5:37  SCV  
  62  5:40  Marauder x2, Marine x2  
  73  5:44  SCV  
  73  5:49  SCV  
  75  5:52  Supply Depot  
  75  5:53  Supply Depot  
  75  5:55  Missile Turret  
  75  5:56  SCV  
  76  5:58  Combat Shield  
  76  5:59  Concussive Shells  
  76  6:02  SCV  
  73  6:06  Marauder x2  
  73  6:07  Barracks Reactor, Marine  
  78  6:12  Medivac  
  78  6:13  Supply Depot  
  78  6:17  Refinery, Marine  
  78  6:18  Marauder  
  83  6:29  Marauder, Marine x2  
  83  6:30  Medivac  
  89  6:35  Marine  
  89  6:39  Marauder  
  92  6:46  Marine  
  93  6:47  Marauder  
  93  6:50  Medivac, Marine  
  93  6:51  Marine x2  
  93  6:52  Widow Mine  
  93  6:53  Marine  
  102  6:56  Armory  
  102  7:00  Marauder, Supply Depot  
  104  7:04  Marine  
  104  7:08  Marauder, Medivac  
  109  7:09  Marauder, Marine  
  112  7:16  Marine x2  
  112  7:22  Marauder  
  114  7:24  Marine  
  114  7:26  Marine  
  114  7:29  Marine  
  118  7:30  Marauder  
  118  7:34  Marine x2  
  121  7:41  Command Center  
  121  7:42  Marine  
  121  7:43  Marauder  
  124  7:44  Marine  
  123  7:53  Marine x2  
  123  7:54  Marauder  
  99  8:01  Medivac x2  
  99  8:03  Marine x2  
  99  8:04  Marauder  
  107  8:06  Marauder  
  107  8:11  Marine  
  110  8:16  Marine  
  110  8:17  Marauder  
  109  8:21  Marine  
  109  8:24  Marine  
  109  8:25  Marauder  
  110  8:27  Marine  
  110  8:29  Marine  
  102  8:34  SCV x2, Marine  
  102  8:37  Terran Infantry Armor Level 1  
  102  8:38  Marauder  
  102  8:39  Medivac, Marine  
  108  8:46  SCV x2  
  108  8:50  Marine  
  108  8:51  Marauder x2  
  108  8:55  Orbital Command  
  113  8:58  SCV x2  
  113  9:02  Marine x2  
  109  9:03  Marauder  
  109  9:06  Marine  
  109  9:09  Marine  
  100  9:12  Marauder, Medivac  
  100  9:13  Marauder  
  94  9:20  Marine x2  
  94  9:24  Marauder, Marine  
  97  9:33  Marine  
  97  9:34  Marauder x2, SCV x2  
  97  9:35  SCV  
  97  9:38  Marine x2  
  106  9:39  Medivac  
  106  9:42  Marine  
  106  9:44  Medivac  
  112  9:45  Marauder  
  112  9:51  Marine  
  103  9:55  Marauder, Marine  
  103  9:56  Marine x2  
  103  9:59  Marine  
  98  10:07  Marauder  
  98  10:09  Marine  
  98  10:13  Marauder, Marine  
  102  10:14  Marine  
  102  10:16  Marauder  
  102  10:17  Marine  
Show
View Real Time Build Order
Export as new Build Order

Gemini Protoss - Winner!

Build Orders: 1 Gate Expand 

Get SALT Encoding   

  12  0:00  Probe  
  13  0:12  Probe  
  14  0:23  Pylon  
  14  0:24  Probe  
  15  0:41  Probe (Chrono Boost)  
  16  0:43  Gateway  
  17  0:51  Assimilator, Probe (Chrono Boost)  
  17  0:56  Probe  
  18  1:08  Probe  
  19  1:22  Nexus  
  19  1:24  Probe  
  20  1:32  Cybernetics Core  
  20  1:37  Probe  
  21  1:42  Assimilator  
  21  1:49  Probe  
  21  1:51  Pylon  
  22  2:02  Probe  
  22  2:07  Stalker (Chrono Boost)  
  23  2:10  Warp Gate  
  23  2:14  Probe  
  26  2:28  Probe (Chrono Boost)  
  26  2:29  Robotics Facility  
  27  2:35  Probe (Chrono Boost)  
  27  2:39  Stalker  
  27  2:43  Probe (Chrono Boost)  
  31  2:45  Probe (Chrono Boost)  
  32  2:51  Probe (Chrono Boost)  
  32  2:55  Probe (Chrono Boost)  
  32  2:57  Probe (Chrono Boost)  
  34  3:06  Probe  
  34  3:09  Probe  
  36  3:18  Observer  
  37  3:22  Gateway  
  37  3:24  Gateway  
  37  3:25  Probe x2  
  37  3:26  Robotics Bay  
  39  3:36  Warp Prism (Chrono Boost)  
  39  3:37  Probe  
  39  3:40  Probe  
  43  3:47  Pylon  
  43  3:49  Probe  
  43  3:54  Shield Battery  
  44  3:58  Probe  
  45  4:04  Pylon  
  45  4:05  Gravitic Drive  
  45  4:06  Stalker  
  45  4:08  Probe  
  48  4:10  Probe  
  48  4:12  Disruptor (Chrono Boost)  
  52  4:20  Probe  
  52  4:21  Assimilator  
  52  4:22  Probe  
  52  4:23  Assimilator  
  54  4:32  Probe  
  54  4:34  Probe  
  54  4:35  Pylon  
  54  4:37  Stalker  
  58  4:41  Observer  
  59  4:54  Probe  
  59  4:55  Probe, Twilight Council  
  59  4:58  Pylon  
  61  5:01  Observer  
  61  5:11  Probe x2  
  61  5:12  Disruptor  
  66  5:20  Blink (Chrono Boost)  
  65  5:28  Nexus  
  65  5:31  Pylon  
  65  5:33  Probe  
  65  5:34  Forge, Sentry  
  68  5:38  Sentry  
  68  5:42  Probe  
  71  5:51  Disruptor (Chrono Boost), Gateway  
  71  5:52  Pylon  
  71  5:54  Gateway  
  71  5:55  Gateway  
  71  5:56  Probe x2  
  76  6:09  Protoss Ground Weapons Level 1  
  76  6:14  Sentry  
  76  6:15  Stalker  
  76  6:18  Stalker  
  82  6:19  Assimilator  
  82  6:23  Shield Battery  
  82  6:25  Probe x2  
  84  6:27  Pylon  
  84  6:29  Disruptor (Chrono Boost)  
  84  6:37  Pylon  
  87  6:44  Probe x3  
  90  6:47  Assimilator  
  90  6:56  Probe x2  
  90  7:00  Disruptor (Chrono Boost)  
  92  7:04  Stalker  
  92  7:05  Stalker x3  
  103  7:26  Stalker  
  103  7:27  Stalker  
  103  7:29  Disruptor (Chrono Boost)  
  107  7:31  Gateway  
  107  7:32  Gateway  
  107  7:34  Adept x3  
  116  7:38  Probe x2, Pylon  
  116  7:39  Probe, Pylon  
  116  7:41  Pylon  
  118  7:45  Adept  
  118  7:50  Probe  
  110  8:05  Stalker x6  
  109  8:13  Robotics Bay, Probe  
  92  8:29  Probe  
  92  8:30  Warp Prism (Chrono Boost)  
  89  8:37  Probe x2  
  91  8:43  Stalker  
  91  8:44  Stalker x2, Adept x4  
  102  8:49  Probe x3  
  105  9:01  Probe x2  
  99  9:11  Stalker x4  
  99  9:15  Disruptor (Chrono Boost)  
  106  9:35  Adept x6  
  106  9:36  Adept  
  120  9:41  Probe x2  
  120  10:06  Stalker x4, Adept x2  
  120  10:07  Probe x2, Adept  
  116  10:18  Stalker  
  112  10:23  Probe x2  
  110  10:33  Stalker x4  
Tags
 
Add a new tag
Caveats
  • Supply blocks, unpowered buildings, or Contaminate may cause inaccurate times.
  • Supply counts are checked every 10 seconds.